 Dungeon Crawl Stone Soup version 0.19.0-1-g5985abe (webtiles) character file.

10072 varam the Cruncher (level 11, -1/69 HPs)
             Began as a Gargoyle Gladiator on Nov 2, 2016.
             Was an Elder of Okawaru.
             Slain by a minotaur
             ... wielding a +0 glaive
              (25 damage)
             ... in a labyrinth.
             The game lasted 00:38:23 (13779 turns).

varam the Cruncher (Gargoyle Gladiator)            Turns: 13779, Time: 00:38:25

Health: -1/69      AC: 16    Str: 18    XL:     11   Next: 56%
Magic:  7/9        EV: 19    Int: 10    God:    Okawaru [****..]
Gold:   558        SH:  4    Dex: 13    Spells: 2 memorised, 5 levels left

rFire  + . .     SeeInvis .     z - +3 quarterstaff (chaos)
rCold  + . .     Gourm    .     L - +0 leather armour {MR+}
rNeg   + . .     Faith    .     (shield currently unavailable)
rPois  ∞         Spirit   .     c - +0 helmet
rElec  +         Reflect  .     A - +0 cloak {rPois}
rCorr  .         Harm     .     Q - +0 pair of gloves
MR     ++...                    (no boots)
Stlth  +++.......               j - amulet of regeneration
                                K - ring "Ivovo" {rF+ MR+}
                                y - ring of protection from cold

@: heroism
A: large bone plates 1, low mp 1, negative energy resistance 1, electricity
resistance, unbreathing, petrification resistance, rot immunity, AC +7
a: Heroism, Renounce Religion


You were in a labyrinth.
You worshipped Okawaru.
Okawaru was greatly pleased with you.
You were not hungry.

You visited 3 branches of the dungeon, and saw 14 of its levels.
You also visited: Labyrinth.

You collected 558 gold pieces.

Inventory:

Hand Weapons
 z - a +3 quarterstaff of chaos (weapon)
Missiles
 d - 3 throwing nets (quivered)
 J - 3 tomahawks
Armour
 c - a +0 helmet (worn)
 A - a +0 cloak of poison resistance (worn)
 L - a +0 leather armour of magic resistance (worn)
 Q - a +0 pair of gloves (worn)
Magical Staves
 P - an uncursed staff of energy
Jewellery
 j - an amulet of regeneration (around neck)
 p - a +6 ring of intelligence
 y - a ring of protection from cold (left hand)
 K - the ring "Ivovo" (right hand) {rF+ MR+}
   (You found it on level 7 of the Dungeon)

   [ring of protection from magic]

   It protects you from fire.
   It affects your resistance to hostile enchantments.
Wands
 e - a wand of lightning (11/15)
 q - a wand of paralysis (9/24)
 v - a wand of slowing (29/48)
 R - a wand of flame (29/48)
 V - a wand of slowing (25/48)
Scrolls
 g - 2 scrolls of magic mapping
 h - a scroll of teleportation
 i - 3 scrolls of fog
 l - a scroll of random uselessness {unknown}
 m - 8 scrolls of remove curse
 n - a scroll of enchant weapon {unknown}
 o - a scroll of noise {unknown}
 F - a scroll of immolation {unknown}
 H - a scroll of blinking {unknown}
 I - 2 scrolls of amnesia {unknown}
 N - a scroll of identify
 S - 2 scrolls of fear
Potions
 b - a potion of heal wounds
 k - 6 potions of lignification
 r - 7 potions of curing
 s - 2 potions of brilliance
 t - a potion of degeneration {unknown}
 w - a potion of mutation {unknown}
 x - 2 potions of magic
 C - a potion of ambrosia {unknown}
 E - a potion of agility {unknown}
 G - a potion of cancellation {unknown}
 M - 2 potions of invisibility {unknown}
 O - a potion of berserk rage {unknown}
Comestibles
 u - 18 fruits


   Skills:
 - Level 8.8(13.8) Fighting
 * Level 12.4(17.4) Staves
 - Level 4.1(9.1) Throwing
 + Level 6.6(11.6) Armour
 + Level 6.6(11.6) Dodging


You had 5 spell levels left.
You knew the following spells:

 Your Spells              Type           Power        Failure   Level  Hunger
a - Repel Missiles        Chrm/Air       #.....       69%         2    ###....
b - Conjure Flame         Conj/Fire      #.......     95%         3    ####...


Dungeon Overview and Level Annotations

Branches:
Dungeon (11/15)            Temple (1/1) D:5            Lair (2/6) D:8
  Swamp: Lair:2-4    Shoals: Lair:2-4     Snake: Lair:2-4    Spider: Lair:2-4
    Orc: D:9-12

Altars:
Ashenzari
Cheibriados
Dithmenos
Elyvilon
Fedhas
Gozag
Hepliaklqana
Kikubaaqudgha
Makhleb
Nemelex Xobeh
Okawaru
Qazlal
Ru
Sif Muna
Trog
Uskayaw
Vehumet
Xom
Yredelemnul
Zin
The Shining One

Shops:
D:5 %(**%*   D:8 [**

Annotations:
D:3 nikopol's ghost, amateur HOBe


Innate Abilities, Weirdness & Mutations

You are resistant to torment.
Your stone body is resilient. (AC +7)
You are immune to poison.
You resist negative energy. (rN+)
You are resistant to electric shocks. (rElec)
You can survive without breathing.
You are immune to petrification.
You are immune to rotting.
You are partially covered in large bone plates. (SH +4)
Your magical capacity is low. (-10% MP)


Message History

You are feeling hungry.
You start waiting.
Eating a chunk of flesh.
You start eating the chunk of flesh.
This raw flesh tastes terrible.
You hear the creaking of ancient gears!
You gain the combat prowess of a mighty hero.
You open the door.
A minotaur comes into view. It is wielding a glaive.
The minotaur bellows!
Found a robe, a conspicuous book, a thick glowing staff and a ring mail.
Found an escape hatch in the ceiling.
There is an open door here.
The minotaur hits you from afar with a glaive!!
The minotaur hits you with a glaive! The minotaur gores you!
You sock the minotaur! You drain the minotaur!
The minotaur is moderately wounded.
You hit the minotaur.
The minotaur is moderately wounded.
The minotaur hits you with a glaive!!
You die...

#.# # #. .# ### #
#####. #.#.# #.....
#.#.### #.###. .
....#.. #.#...
#########.#.#.# #. .
# #8[8:8.8#...#.
#...# #<....H@'.###
#####.##
#8|8[8.8#.....#.....#
#########.#.#.#.# ###
...#.#...#.# ###.#
###.### ..# #... ###
#####


You could see a minotaur.

Vanquished Creatures
  2 hill giants
  Pikel (D:5)
  A spiny frog (Lair:1)
  4 komodo dragons
  3 trolls
  A two-headed ogre (D:11)
  3 wyverns
  Sigmund (D:3)
  A vampire (D:10)
  A human (shapeshifter) (D:10)
  3 yaks (Lair:1)
  A basilisk (Lair:1)
  2 wargs (D:8)
  A porcupine (Lair:2)
  3 water moccasins
  Duvessa (D:4)
  4 orc warriors
  3 ice beasts
  2 slaves
  2 black bears
  A sky beast (D:9)
  A boggart (D:11)
  3 phantoms
  3 ogres
  2 centaurs
  2 crocodiles (Lair:1)
  Blork the orc (D:5)
  2 bullfrogs
  Dowan (D:4)
  6 killer bees (D:10)
  6 wights (D:10)
  2 crimson imps (D:9)
  A bullfrog zombie (D:5)
  A centaur zombie (D:6)
  2 quasits
  5 jellies
  A bullfrog skeleton (D:10)
  2 hounds
  9 orc wizards
  A centaur skeleton (D:9)
  7 orc priests
  Crazy Yiuf (D:5)
  A gnoll shaman (D:8)
  5 iguanas
  Ijyb (D:3)
  12 worker ants
  A killer bee zombie (D:7)
  A hound zombie (D:6)
  A hound skeleton (D:8)
  A howler monkey zombie (D:6)
  7 gnolls
  A worker ant zombie (D:9)
  8 adders
  6 oozes
  3 adder skeletons
  An adder zombie (D:7)
  4 worms
  5 leopard geckos
  34 orcs
  7 bats
  3 giant cockroaches
  7 goblins
  11 hobgoblins
  12 jackals
  5 quokkas
  3 ball pythons
  6 frilled lizards
  A jackal skeleton (D:6)
  8 kobolds
  A quokka skeleton (D:4)
  7 rats
263 creatures vanquished.

Notes
Turn   | Place    | Note
-------+----------+-------------------------------------------
     0 | D:1      | varam the Gargoyle Gladiator began the quest for the Orb.
     0 | D:1      | Reached XP level 1. HP: 12/12 MP: 1/1
   171 | D:1      | Reached XP level 2. HP: 11/17 MP: 2/2
   684 | D:1      | Reached skill level 4 in Staves
  1183 | D:2      | Reached XP level 3. HP: 21/21 MP: 3/3
  1624 | D:2      | Reached XP level 4. HP: 26/26 MP: 4/4
  1744 | D:2      | Reached skill level 5 in Staves
  1927 | D:3      | Noticed nikopol's ghost (amateur HOBe)
  2422 | D:3      | Noticed Ijyb
  2443 | D:3      | Killed Ijyb
  2443 | D:3      | Reached XP level 5. HP: 30/30 MP: 5/5
  2457 | D:3      | Noticed Sigmund
  2489 | D:3      | Killed Sigmund
  2489 | D:3      | Reached skill level 6 in Staves
  2489 | D:3      | Reached XP level 6. HP: 16/35 MP: 6/6
  2494 | D:3      | Found a blossoming altar of Fedhas.
  3139 | D:4      | Reached skill level 7 in Staves
  3386 | D:4      | Noticed Dowan
  3405 | D:4      | Noticed an orc warrior
  3417 | D:4      | Killed an orc warrior
  3417 | D:4      | Reached XP level 7. HP: 14/40 MP: 7/7
  3521 | D:4      | Noticed Duvessa
  3707 | D:4      | Killed Dowan
  3707 | D:4      | Reached skill level 8 in Staves
  4136 | D:4      | Killed Duvessa
  4136 | D:4      | Reached skill level 3 in Fighting
  4573 | D:5      | Entered Level 5 of the Dungeon
  4578 | D:5      | Found Bodif's Food Shop.
  4873 | D:5      | Found Lirisa's Elemental Accessories.
  5078 | D:4      | Reached skill level 4 in Fighting
  5078 | D:4      | Reached XP level 8. HP: 17/48 MP: 8/8
  5468 | D:5      | Found a runed door.
  5540 | D:5      | Reached skill level 9 in Staves
  5581 | D:5      | Noticed Crazy Yiuf
  5589 | D:5      | Killed Crazy Yiuf
  5661 | D:5      | Found Feuquet's Assorted Antiques.
  5678 | D:5      | Reached skill level 5 in Fighting
  6144 | D:5      | Noticed Pikel
  6400 | D:5      | Killed Pikel
  6400 | D:5      | Reached skill level 6 in Fighting
  6400 | D:5      | Reached skill level 3 in Dodging
  6400 | D:5      | Reached XP level 9. HP: 48/56 MP: 9/9
  6414 | D:5      | Noticed Blork the orc
  6432 | D:5      | Killed Blork the orc
  6608 | D:5      | Found Rasum's Food Shop.
  6609 | D:5      | Found Qife Zea's Antique Weapon Shop.
  6709 | D:5      | Found a staircase to the Ecumenical Temple.
  6736 | Temple   | Entered the Ecumenical Temple
  6956 | Temple   | Became a worshipper of Warmaster Okawaru
  7135 | D:5      | Found Duufifac's General Store.
  7367 | D:6      | Reached skill level 10 in Staves
  7368 | D:6      | Found a hide-covered altar of Uskayaw.
  7438 | D:6      | Reached skill level 4 in Dodging
  7735 | D:6      | Found a sparkling altar of Nemelex Xobeh.
  7761 | D:6      | Reached skill level 7 in Fighting
  8217 | D:7      | Found a deep blue altar of Sif Muna.
  8296 | D:7      | Got a wavering silver ring
  8361 | D:7      | Reached skill level 2 in Throwing
  8475 | D:7      | Reached skill level 1 in Armour
  8484 | D:7      | Reached * piety under Okawaru
  8506 | D:7      | Identified the ring "Ivovo" {rF+ MR+} (You found it on level 7 of the Dungeon)
  9324 | D:8      | Reached skill level 2 in Armour
  9357 | D:8      | Found a staircase to the Lair.
  9653 | D:8      | Found Davelose's Assorted Antiques.
  9711 | D:8      | Reached XP level 10. HP: 61/64 MP: 10/10
  9804 | D:8      | Reached skill level 3 in Throwing
  9804 | D:8      | Reached skill level 5 in Dodging
  9883 | D:8      | Found Beomaov's Antique Armour Shoppe.
  9914 | D:8      | Reached skill level 3 in Armour
 10000 | D:8      | Reached skill level 8 in Fighting
 10123 | D:8      | Found Houhyux's Assorted Antiques.
 10402 | D:9      | Reached ** piety under Okawaru
 10499 | D:10     | Entered Level 10 of the Dungeon
 10994 | D:9      | Reached skill level 4 in Armour
 11180 | D:10     | Noticed a hill giant
 11287 | D:9      | Killed a hill giant
 11287 | D:9      | Reached skill level 11 in Staves
 11287 | D:9      | Reached skill level 4 in Throwing
 11370 | D:10     | Reached *** piety under Okawaru
 11399 | D:10     | Found a bloodstained altar of Trog.
 11758 | D:10     | Reached skill level 5 in Armour
 11808 | D:10     | Learned a level 2 spell: Repel Missiles
 11815 | D:10     | Learned a level 3 spell: Conjure Flame
 12005 | D:11     | Noticed a hill giant
 12014 | D:11     | Killed a hill giant
 12014 | D:11     | Reached skill level 6 in Dodging
 12014 | D:11     | Reached XP level 11. HP: 42/69 MP: 8/11
 12108 | D:10     | Gained mutation: You are partially covered in large bone plates. (SH +4) [mutagenic meat]
 12113 | D:10     | Gained mutation: Your magical capacity is low. (-10% MP) [mutagenic meat]
 12235 | D:11     | Reached **** piety under Okawaru
 12281 | D:11     | Noticed a seven-headed hydra
 12330 | Lair:1   | Entered Level 1 of the Lair of Beasts
 12451 | Lair:1   | Reached skill level 6 in Armour
 12598 | Lair:1   | Reached skill level 12 in Staves
 13393 | Lair:2   | Found a labyrinth entrance.
 13400 | Lab      | Entered a labyrinth
 13774 | Lab      | Noticed a minotaur
 13779 | Lab      | Slain by a minotaur

Skill      XL: |  1  2  3  4  5  6  7  8  9 10 11 |
---------------+----------------------------------+-----
Staves         | 4 5 6 7 8 9 10 11 12 | 12.4
Fighting       | 4 6 7 8 |  8.8
Dodging        | 3 4 6 |  6.6
Throwing       | 2 4 |  4.1
Armour         | 2 5 6 |  6.6

Action                   |  1- 3 |  4- 6 |  7- 9 | 10-12 || total
-------------------------+-------+-------+-------+-------++-------
Melee: Quarterstaff      |   119 |   150 |   458 |   378 ||  1105
Invok: Heroism           |       |       |       |    13 ||    13
Evoke: Wand              |       |       |     1 |       ||     1
  Use: Scroll            |       |       |     5 |     7 ||    12
       Potion            |       |       |       |     1 ||     1
 Stab: Petrified         |       |       |     3 |     2 ||     5
       Petrifying        |       |       |     1 |     5 ||     6
       Paralysed         |       |       |       |     6 ||     6
       Confused          |       |       |       |     3 ||     3
  Eat: Chunk             |     2 |     6 |    14 |    13 ||    35
       Pizza             |       |       |     1 |       ||     1
       Meat ration       |       |       |     1 |       ||     1
       Beef jerky        |       |       |       |     1 ||     1
Armor: Ring mail         |     7 |       |    75 |       ||    82
       Leather armour    |    40 |    55 |   115 |   113 ||   323
Dodge: Dodged            |    95 |    97 |   263 |   307 ||   762
Block: Other             |       |       |       |     6 ||     6
